[Event "Bhopal GM Open 2019"]
[Site "Bhopal"]
[Date "2019.12.23"]
[Round "4.18"]
[White "Sri Sai Baswanth P"]
[Black "Medhansh Saxena"]
[Result "1/2-1/2"]
[ECO "A03"]
[WhiteElo "2027"]
[BlackElo "1628"]
[Annotator "NA RC"]
[PlyCount "73"]
[EventDate "2019.12.21"]
[EventType "swiss"]
[EventCountry "IND"]
[SourceTitle "playchess.com"]
[Source "ChessBase"]
[SourceQuality "1"]
[TimeControl "5400+30"]

1. f4 d5 2. Nf3 c5 3. g3 Nc6 4. Bg2 Nf6 5. d3 g6 6. c3 Bg7 7. O-O O-O 8. Na3 Re8 {[%emt 0:03:54] A03: Bird's Opening with 1...d5} (8... Rb8 9. Ne5 Nxe5 10. fxe5 Ne8 11. d4 cxd4 12. Qxd4 Be6 13. Rd1 Qa5 14. Bg5 f6 15. Be3 fxe5 16. Qxa7 Qd8 17. Bxd5 Bxd5 {1-0 (61) Maghsoodloo,P (2656)-Vaibhav,S (2591) Zuerich 2019}) 9. Qc2 e6 $146 ({Predecessor:} 9... a6 10. e4 e5 11. Nxe5 Nxe5 12. fxe5 Rxe5 13. Bf4 Re8 14. Rfe1 Be6 15. Rad1 b5 16. c4 dxc4 17. dxc4 {0-1 (61) Rozic,S (2208)-Suta,A (2278) Slovenia 2019}) 10. e4 b6 11. e5 Nd7 $1 12. Nb5 Bf8 13. c4 Bb7 14. Nc3 Be7 15. Qe2 Nf8 16. g4 f6 17. f5 dxc4 18. dxc4 exf5 19. gxf5 Nxe5 $2 (19... gxf5 $11 {and Black has nothing to worry.} 20. Bh6 Ng6) 20. Nxe5 Bxg2 21. Kxg2 $2 (21. Qxg2 $18 Qd4+ {[%mdl 64] Double Attack} 22. Kh1 Qxe5 23. Bh6) 21... fxe5 $2 {[%emt 0:00:01] [#]} (21... Bd6 $1 $15) 22. Nd5 ({Inferior is} 22. Qxe5 Bf6 $11) (22. Qg4 $142 $1) 22... gxf5 23. Qxe5 (23. Rxf5 $16 Ng6 24. Kh1) 23... Ng6 24. Qe6+ (24. Qc3 $5 Bd6 25. Nf6+ {[%mdl 64] Double Attack} Kh8 26. Ng4+ (26. Nxe8+ Be5 $15) 26... Be5 27. Nxe5 Rxe5 28. Rxf5 $11) 24... Kg7 $2 (24... Kh8 $15 25. Kh1 Bd6 26. Qxf5 Rf8) 25. Kg1 $2 (25. Rxf5 $18 Bh4 26. Rf7+ (26. Qf7+ Kh8 $18) 26... Kh8 27. Qg4) 25... Bd6 $1 26. Qxf5 Rf8 $1 27. Qh3 Rxf1+ 28. Kxf1 Qh4 29. Qxh4 Nxh4 30. Bd2 Rf8+ 31. Ke2 Ng6 32. h4 Re8+ 33. Kd3 Ne5+ 34. Kc3 Nf3 35. h5 ({Better is} 35. Kd3 $15) 35... Be5+ 36. Kc2 $17 Nxd2 37. Rg1+ 1/2-1/2

[Event "Bhopal GM Open 2019"]
[Site "Bhopal"]
[Date "2019.12.23"]
[Round "4.19"]
[White "Lund Rachit"]
[Black "Anadkat Kartavya"]
[Result "0-1"]
[ECO "C50"]
[WhiteElo "1625"]
[BlackElo "2023"]
[Annotator "NA RC"]
[PlyCount "98"]
[EventDate "2019.12.21"]
[EventType "swiss"]
[EventCountry "IND"]
[SourceTitle "playchess.com"]
[Source "ChessBase"]
[SourceQuality "1"]
[TimeControl "5400+30"]

1. e4 e5 2. Nf3 Nc6 3. Bc4 Bc5 4. O-O Nf6 5. d3 O-O 6. c3 d5 7. exd5 Nxd5 8. b4 Be7 {[%emt 0:00:01] C54: Giuoco Piano: 4 c3 Nf6, main lines with 5 d4 and 5 d3} (8... Bb6 9. h3 f6 10. Bxd5+ Qxd5 11. c4 Qf7 12. c5 Nxb4 13. cxb6 axb6 14. Ba3 c5 15. Bxb4 cxb4 16. Nbd2 Rxa2 17. Rxa2 Qxa2 {1-0 (49) Li,C (2720)-Ganguly,S (2640) Fufeng 2017}) 9. h3 Bf5 10. Bb3 Bf6 11. Bc2 (11. Re1 $15) 11... Qd7 $146 ({Predecessor:} 11... Re8 12. Re1 h6 13. Nfd2 e4 14. dxe4 Nxc3 15. Nxc3 Bxc3 16. Rb1 Nxb4 {½-½ (31) Shome,S (2148)-Sai Agni,J (2373) Novi Sad 2018}) 12. b5 Nd8 ({Better is} 12... Nce7 $17 13. a4 Ng6) 13. Ng5 {[%emt 0:18:11] [#]} ({Better is} 13. Re1 $15) 13... Bxg5 $1 14. Bxg5 Ne6 ({Don't do} 14... Qxb5 15. Qf3 $17) 15. Be3 Ndf4 ({Don't take} 15... Qxb5 16. c4 $17) 16. d4 Bxc2 17. Qxc2 exd4 (17... Qd5 $19 18. f3 exd4 19. cxd4 Nxd4) 18. cxd4 (18. Qd2 $17 {was necessary.} Nd5 19. cxd4) 18... Nxd4 19. Qc4 Nfe2+ 20. Kh1 Qxb5 21. Qxb5 Nxb5 22. a4 Nbd4 23. Ra2 Rfe8 24. Rd2 Rxe3 25. fxe3 Ng3+ 26. Kg1 Nxf1 27. Rxd4 Nxe3 28. g4 c6 29. Nc3 Kf8 30. Rd7 Rb8 31. Ne4 Nc4 32. Rc7 Ne5 33. Nd6 b5 34. axb5 cxb5 35. Rc5 Nd7 36. Rf5 f6 37. Nxb5 a5 38. Nc3 (38. Rd5 {is a better defense.}) 38... Rc8 39. Ne4 Rc4 40. Nd6 Rc1+ 41. Kf2 Ke7 42. Nb7 (42. Rd5 {was worth a try.} Ke6 43. Rd4) 42... Ne5 43. g5 $19 (43. Ke2 $142 a4 44. Rf4 Rc2+ 45. Ke3) 43... a4 44. gxf6+ gxf6 45. Na5 a3 46. Rh5 a2 47. Rxh7+ Nf7 48. Nb3 Rb1 49. Rh4 Rb2+ 0-1

[Event "Bhopal GM Open 2019"]
[Site "Bhopal"]
[Date "2019.12.24"]
[Round "5.18"]
[White "Suthershun A"]
[Black "Mahindrakar Indrajeet"]
[Result "1/2-1/2"]
[ECO "B04"]
[WhiteElo "1743"]
[BlackElo "2042"]
[Annotator "NA RC"]
[PlyCount "120"]
[EventDate "2019.12.21"]
[EventType "swiss"]
[EventCountry "IND"]
[SourceTitle "playchess.com"]
[Source "ChessBase"]
[SourceQuality "1"]
[TimeControl "5400+30"]

1. e4 Nf6 2. e5 Nd5 3. d4 d6 4. Nf3 dxe5 5. Nxe5 c6 6. Be2 Bf5 7. O-O Nd7 8. f4 Nxe5 9. fxe5 e6 10. Bd3 Bxd3 11. Qxd3 Be7 12. c4 Nb4 13. Qe4 O-O 14. a3 Na6 15. Nc3 Nc7 16. Be3 Qd7 17. Rad1 Rad8 18. Qg4 Kh8 19. Ne4 f5 20. exf6 gxf6 21. Qh5 Qe8 22. Qa5 Qg6 23. Qxc7 Qxe4 24. Qxe7 Qxe3+ 25. Kh1 Qb3 26. Qxe6 Rde8 27. Qd6 Qxb2 28. d5 cxd5 29. cxd5 Qe5 30. Qb4 Rg8 31. d6 b6 32. d7 Rd8 33. Qd6 Qxd6 34. Rxd6 Rg7 35. Rfd1 Re7 36. Kg1 Kg7 37. Kf2 Kf7 38. R1d3 Re6 39. R6d4 Re5 40. Rh3 h5 41. Rc3 Ra5 42. Kf3 Ke6 43. Re3+ Re5 44. Red3 Rc5 45. Re4+ Re5 46. Red4 Rc5 47. Kf4 Rf5+ 48. Ke4 Rg5 49. Kf3 Re5 50. Rd6+ Ke7 51. Rc6 Rf5+ 52. Ke4 Rf2 53. Rc7 Rxg2 54. Rxa7 Rxh2 55. Kf5 Rf2+ 56. Kg6 Rg2+ 57. Kf5 Rf2+ 58. Ke4 Re2+ 59. Kf3 Re5 60. a4 Ra5 1/2-1/2

[Event "Bhopal GM Open 2019"]
[Site "Bhopal"]
[Date "2019.12.24"]
[Round "5.19"]
[White "Krishnan Ritvik"]
[Black "Sri Sai Baswanth P"]
[Result "1/2-1/2"]
[ECO "A61"]
[WhiteElo "1742"]
[BlackElo "2027"]
[Annotator "NA RC"]
[PlyCount "47"]
[EventDate "2019.12.21"]
[EventType "swiss"]
[EventCountry "IND"]
[SourceTitle "playchess.com"]
[Source "ChessBase"]
[SourceQuality "1"]
[TimeControl "5400+30"]

1. d4 Nf6 2. c4 c5 3. d5 e6 4. Nc3 exd5 5. cxd5 d6 6. Nf3 g6 7. Bf4 a6 8. a4 Bg7 9. h3 O-O 10. e3 Ne8 {[%emt 0:00:08] A61: Modern Benoni: Nf3 without early e4} 11. Be2 Nd7 12. O-O f5 (12... Rb8 13. a5 b5 14. axb6 Rxb6 15. Qc2 Qe7 16. Nd2 Ne5 17. Bh2 f5 18. Rfe1 {1-0 (36) Gledura,B (2622)-Perunovic,M (2604) Hungary 2019}) 13. Bh2 $146 ({Predecessor:} 13. Qc2 Qe7 14. Rab1 Rb8 15. b4 Nef6 16. Nd2 h6 17. Bh2 Ne8 18. a5 {1-0 (30) Bitan,B (2368)-Ivanov,M (2260) Windsor 2016}) 13... Ne5 14. Nxe5 dxe5 15. a5 Nd6 16. Qb3 Bd7 17. Na4 Bxa4 18. Qxa4 Rc8 19. b3 Rc7 20. Rac1 Qe7 21. Rfd1 g5 22. Rc2 Rfc8 23. Rdc1 h6 24. Qa3 $14 1/2-1/2

[Event "Bhopal GM Open 2019"]
[Site "Bhopal"]
[Date "2019.12.24"]
[Round "5.20"]
[White "Satvik Sharma"]
[Black "Rathneesh R"]
[Result "0-1"]
[ECO "A45"]
[WhiteElo "1740"]
[BlackElo "2006"]
[Annotator "NA RC"]
[PlyCount "28"]
[EventDate "2019.12.21"]
[EventType "swiss"]
[EventCountry "IND"]
[SourceTitle "playchess.com"]
[Source "ChessBase"]
[SourceQuality "1"]
[TimeControl "5400+30"]

1. d4 Nf6 2. Bf4 d5 3. e3 c5 4. Nc3 cxd4 5. exd4 a6 6. Bd3 Nc6 7. Nge2 Nb4 8. h3 e6 9. O-O Bd6 10. Bxd6 Qxd6 11. Ng3 Nxd3 12. Qxd3 O-O 13. Rfe1 b5 14. a3 Bd7 $11 0-1

[Event "Bhopal GM Open 2019"]
[Site "Bhopal"]
[Date "2019.12.24"]
[Round "6.5"]
[White "Nigmatov, Ortik"]
[Black "Varun, Vij"]
[Result "1-0"]
[ECO "A04"]
[WhiteElo "2474"]
[BlackElo "1964"]
[Annotator "RC"]
[PlyCount "95"]
[EventDate "2019.12.21"]
[EventType "swiss"]
[EventCountry "IND"]
[SourceTitle "playchess.com"]
[Source "ChessBase"]
[SourceQuality "1"]
[TimeControl "5400+30"]

1. Nf3 c5 2. e3 Nf6 3. c4 g6 4. Nc3 Bg7 5. d4 cxd4 6. exd4 d5 7. Bg5 O-O 8. Bxf6 Bxf6 9. Nxd5 Bg7 10. Ne3 Nc6 11. d5 Qa5+ 12. Nd2 Bxb2 13. dxc6 Rd8 14. Rc1 Bxc1 15. Qxc1 bxc6 16. Qc2 Bf5 17. Nxf5 gxf5 18. h4 Rab8 19. Be2 Rb7 20. Rh3 Rbd7 21. Rg3+ Kf8 22. Rd3 Rxd3 23. Bxd3 Qe5+ 24. Be2 Qa5 25. Qb2 f6 26. Bf3 Rd6 27. Ke2 Kg7 28. g4 fxg4 29. Bxg4 c5 30. Qc2 Qb4 31. Nf1 Rb6 32. Qe4 Qb2+ 33. Nd2 e5 34. Qg2 Qd4 35. Be6+ Kh6 36. Qg8 Qd6 37. Bf5 Qe7 38. Ne4 Qg7 39. Qd8 Qf7 40. Kf3 Ra6 41. Ng3 Kg7 42. Be4 Ra3+ 43. Kg2 Rxg3+ 44. Kxg3 Qxc4 45. Qe7+ Kg8 46. Qxh7+ Kf8 47. Qh6+ Kf7 48. Qg6+ 1-0

[Event "Bhopal GM Open 2019"]
[Site "Bhopal"]
[Date "2019.12.25"]
[Round "7.14"]
[White "Varun, Vij"]
[Black "Darsh Kansal"]
[Result "1-0"]
[ECO "A45"]
[WhiteElo "1964"]
[BlackElo "1793"]
[Annotator "NA RC"]
[PlyCount "59"]
[EventDate "2019.12.21"]
[EventType "swiss"]
[EventCountry "IND"]
[SourceTitle "playchess.com"]
[Source "ChessBase"]
[SourceQuality "1"]
[TimeControl "5400+30"]

1. d4 Nf6 2. Bf4 g6 3. Nc3 d5 4. e3 Bg7 5. h4 b6 (5... c6 6. Be2 Qb6 7. Rb1 h5 8. Nf3 Bg4 9. Ne5 Bxe2 10. Qxe2 Nbd7 11. Qf3 Qa6 {0-1 (32) Karjakin,S (2750)-Yu,Y (2752) Saint Louis 2019}) 6. Nf3 {[%emt 0:03:14] A45: Trompowsky Attack} Bb7 7. Ne5 a6 8. h5 Nfd7 $146 ({Predecessor:} 8... Nbd7 9. hxg6 hxg6 10. Rxh8+ Bxh8 11. Qf3 {1-0 (53) Lewtak,D (2369)-Shishkin,V (2461) Polanica Zdroj 2018}) 9. hxg6 hxg6 10. Rxh8+ Bxh8 11. Qg4 Nxe5 12. dxe5 e6 13. Bd3 Qe7 14. Bg5 Qf8 15. f4 Qg8 16. O-O-O Nd7 17. Rh1 (17. e4 $142) 17... Nc5 {[%emt 0:01:05] [#]} (17... Bg7 $16) 18. Be2 (18. Bxg6 $1 $18 a5 (18... fxg6 19. b4) 19. Bh5) 18... Bc6 19. b4 Na4 20. Nxa4 Bxa4 21. Rh4 $2 (21. Qf3 $18) 21... Qf8 22. Bd3 Bd7 $2 (22... Kd7 $16) 23. Rh7 Bg7 24. Bh4 Qg8 25. Bxg6 Kf8 26. Bd3 (26. Bf6 $142 a5 27. Qh4 fxg6 28. Rxg7 Qxg7 29. Bxg7+ Kxg7 30. Qe7+ {[%mdl 64] Double Attack} Kh6 31. Qxd7) 26... Bb5 27. Qg5 Re8 28. Qh5 Bxd3 29. cxd3 d4 $18 30. Bf6 1-0

[Event "Bhopal GM Open 2019"]
[Site "Bhopal"]
[Date "2019.12.25"]
[Round "7.16"]
[White "Jay Kundaliya"]
[Black "Lund Rachit"]
[Result "0-1"]
[ECO "A14"]
[WhiteElo "2088"]
[BlackElo "1625"]
[Annotator "NA RC"]
[PlyCount "76"]
[EventDate "2019.12.21"]
[EventType "swiss"]
[EventCountry "IND"]
[SourceTitle "playchess.com"]
[Source "ChessBase"]
[SourceQuality "1"]
[TimeControl "5400+30"]

1. c4 Nf6 2. g3 e6 3. Bg2 d5 4. Nf3 Be7 5. O-O O-O 6. b3 b6 7. e3 Bb7 8. Bb2 Nbd7 9. Nc3 c5 10. cxd5 exd5 11. d4 Re8 {[%emt 0:03:33] E17: Queen's Indian: 4 g3 Bb7 5 Bg2 Be7} (11... Rc8 12. Rc1 Re8 13. dxc5 bxc5 14. Nh4 Nb6 15. a4 a5 16. Nb5 Ba6 17. Re1 Bf8 18. Qf3 Ne4 19. Red1 Bxb5 20. axb5 a4 21. bxa4 Nxa4 {0-1 (61) Sonis,F (2445)-Brunello,S (2542) Chianciano Terme 2018}) 12. Qc2 Rc8 13. Rac1 Ne4 14. dxc5 Bxc5 $146 ({Predecessor:} 14... Nxc3 15. Qxc3 Bf6 16. Qd2 bxc5 17. Rfd1 Bxb2 18. Qxb2 Nf6 19. Rc2 Qb6 20. Rdc1 {1-0 (94) Mgeladze,T (2374)-Der Manuelian,H (2242) Poti 2018}) 15. Qd3 (15. Nd2 $11) 15... Ndf6 {[%emt 0:06:17] Remove Defender, Decoy} (15... Nxf2 $5 16. Rxf2 Bxe3 $17 {[%mdl 64] Double Attack}) 16. Bh3 $2 {[%emt 0:16:09] [#]} (16. Nxe4 $11 dxe4 17. Qxd8 Rcxd8 18. Ne5) 16... Rc7 $2 (16... Nxf2 $1 $19 17. Rxf2 Rxe3) 17. Nb5 Rce7 18. Nbd4 ({Of course not} 18. Nxa7 Qa8 $15) 18... Rc7 19. a3 a5 20. Nb5 Ba6 21. b4 axb4 22. axb4 Nxf2 $16 (22... Nd6 $14 23. bxc5 Rxc5) 23. Rxf2 Rxe3 24. Rxc5 Rxd3 25. Rxc7 Ne4 26. Rd7 Qf8 27. Na7 Nxf2 28. Kxf2 Bc8 29. Bxg7 Kxg7 30. Nxc8 Qxb4 31. Rxf7+ Kxf7 32. Ne5+ Kg7 33. Nxd3 Qd2+ 34. Kf3 Qxd3+ 35. Kf4 Qe4+ 36. Kg5 h6+ 37. Kh5 Qg6+ 38. Kh4 Qg5# 0-1

[Event "Bhopal GM Open 2019"]
[Site "Bhopal"]
[Date "2019.12.25"]
[Round "7.19"]
[White "Daakshin Arun"]
[Black "Rathneesh R"]
[Result "0-1"]
[ECO "E47"]
[WhiteElo "1760"]
[BlackElo "2006"]
[Annotator "NA RC"]
[PlyCount "150"]
[EventDate "2019.12.21"]
[EventType "swiss"]
[EventCountry "IND"]
[SourceTitle "playchess.com"]
[Source "ChessBase"]
[SourceQuality "1"]
[TimeControl "5400+30"]

1. d4 Nf6 2. c4 e6 3. Nc3 Bb4 4. e3 O-O 5. Bd3 c5 6. Nge2 d5 7. cxd5 cxd4 8. exd4 Nxd5 9. O-O Nc6 10. Qc2 h6 {[%emt 0:01:23] E48: Nimzo-Indian: Rubinstein: 5 Bd3 d5 including 6 Ne2, but excluding 6 a3} (10... g6 11. a3 Be7 12. Bh6 Re8 13. Nxd5 exd5 14. Rfe1 Bf6 15. Qd2 Bg4 16. f3 Bd7 17. Bb5 Nxd4 18. Nxd4 Bxb5 19. Rxe8+ Bxe8 {0-1 (100) Laznicka,V (2654)-Kelires,A (2510) Heraklio 2017}) 11. Rd1 Bd6 12. Nxd5 exd5 13. Ng3 $146 ({Predecessor:} 13. Bf4 $11 Re8 14. Bxd6 Qxd6 {½-½ (14) Schweda,R (2330)-Stanec,N (2490) Leiner 1996}) 13... Bg4 ({Black should play} 13... Qh4 $17 14. Qa4 Be6) 14. Be2 Nb4 15. Qd2 Qh4 16. Bxg4 Qxg4 17. a3 Bxg3 18. axb4 (18. hxg3 $5 Nc6 19. Qd3 $11) 18... Bd6 19. b5 Rfe8 20. Qd3 Re6 21. h3 Qh4 22. Be3 Rg6 23. Kf1 Qe7 24. Re1 Qd7 25. Re2 Bf8 26. b3 Rb6 27. Rea2 $1 Qxb5 28. Qxb5 Rxb5 29. Rxa7 Rxa7 30. Rxa7 Rxb3 31. Ra8 f6 32. Rd8 Rb5 33. Bf4 Kf7 34. Rd7+ Ke6 35. Rd8 Be7 36. Rc8 Rb2 37. Rb8 ({White should try} 37. g4) 37... g5 38. Be3 b5 39. Rb6+ Bd6 40. h4 b4 41. hxg5 hxg5 42. Rb5 Ra2 43. g3 Be7 44. Ke1 Bd6 45. Bd2 {[%emt 0:00:48] [#]} Kd7 $1 46. Rxd5 Kc6 47. Rxd6+ Kxd6 48. Bxb4+ Kd5 49. Be7 Ra6 50. Kf1 Kxd4 51. Kg2 Ke4 52. Bd8 Kf5 53. Be7 Ra7 54. Bc5 Rd7 55. Be3 Ke4 56. Bc5 Rc7 57. Be3 Rc2 58. Bb6 Rd2 $2 (58... f5 59. Bd8 g4) 59. Bc5 Kf5 60. Be3 Rd1 61. Bc5 Kg4 62. Be7 f5 63. f3+ Kh5 64. f4 Rd2+ 65. Kf1 g4 66. Bc5 Kg6 67. Be3 Ra2 68. Bd4 Kf7 69. Kg1 Ke6 70. Kh1 $19 Kd5 71. Bg1 Ke4 72. Bh2 Kf3 73. Bg1 Kxg3 74. Be3 Rh2+ 75. Kg1 Re2 0-1

[Event "Bhopal GM Open 2019"]
[Site "Bhopal"]
[Date "2019.12.25"]
[Round "7.20"]
[White "Satvik Sharma"]
[Black "Trivedi Karan R"]
[Result "0-1"]
[ECO "A45"]
[WhiteElo "1740"]
[BlackElo "1949"]
[Annotator "NA RC"]
[PlyCount "66"]
[EventDate "2019.12.21"]
[EventType "swiss"]
[EventCountry "IND"]
[SourceTitle "playchess.com"]
[Source "ChessBase"]
[SourceQuality "1"]
[TimeControl "5400+30"]

1. d4 Nf6 2. Bf4 g6 3. Nc3 Bg7 4. e4 d6 5. Qd2 O-O 6. O-O-O c6 {[%emt 0:08:20] B07: Pirc Defence: Miscellaneous Systems} 7. h4 (7. f3 b5 8. Kb1 a5 9. Bh6 a4 10. e5 dxe5 11. Bxg7 Kxg7 12. dxe5 Nfd7 13. h4 h5 14. e6 fxe6 {1-0 (44) Nihal,S (2598)-Sevian,S (2666) chess.com INT 2019}) 7... b5 8. f3 b4 9. Nce2 Qa5 10. Kb1 c5 $146 ({Predecessor:} 10... Be6 11. Nc1 Nbd7 12. Bh6 Bxh6 13. Qxh6 Nb6 14. Nb3 {1-0 (29) Alahakoon,I (2091)-Kumara,C (1839) Colombo 2018}) 11. h5 Nc6 12. Bh6 b3 ({Wrong is} 12... Nxh5 $2 {[#]} 13. Rxh5 $1 b3 14. Qxa5 $18) 13. axb3 Qxd2 $1 ({Don't play} 13... Bxh6 $6 14. Qxh6 cxd4 15. hxg6 $16) 14. Bxd2 cxd4 15. hxg6 hxg6 16. Nh3 e5 17. Nc1 d5 18. exd5 (18. Bb5 $5 Bd7 19. exd5 Nxd5 20. Nd3 $14) 18... Nxd5 19. Ng5 Ncb4 (19... a5 $11) 20. Nd3 (20. Bc4 $16) 20... a5 21. Nc5 Be6 $2 (21... Bf5 $11 22. Nce4 a4) 22. Nce4 $2 (22. Ncxe6 $18 fxe6 23. Bc4) 22... a4 23. c3 Nc6 24. b4 Rfc8 (24... a3 $1 $11 {keeps the balance.}) 25. Ka1 $2 {[%emt 0:05:09] [#]} (25. Nxe6 $16 fxe6 26. g3) 25... a3 $1 26. b3 dxc3 27. Bc4 Ncxb4 28. Bxc3 Nxc3 29. Nxc3 e4 30. Rc1 {[%emt 0:00:51] e} exf3 $19 (30... Bxc4 $142 31. bxc4 exf3) 31. Bxe6 Kf8 32. Bxf7 Rc5 33. Be6 Rxc3 0-1

[Event "Bhopal GM Open 2019"]
[Site "Bhopal"]
[Date "2019.12.26"]
[Round "8.17"]
[White "Shiva Pavan Teja Sharma U"]
[Black "Ananthapadmanabh D V"]
[Result "1-0"]
[ECO "B33"]
[WhiteElo "2072"]
[BlackElo "1808"]
[Annotator "NA RC"]
[PlyCount "115"]
[EventDate "2019.12.21"]
[EventType "swiss"]
[EventCountry "IND"]
[SourceTitle "playchess.com"]
[Source "ChessBase"]
[SourceQuality "1"]
[TimeControl "5400+30"]

1. e4 c5 2. Nf3 Nc6 3. d4 cxd4 4. Nxd4 Nf6 5. Nc3 e5 6. Ndb5 d6 7. Bg5 a6 8. Na3 b5 9. Nd5 Be7 10. Bxf6 Bxf6 11. c3 O-O 12. Be2 Bg5 13. O-O Ne7 14. Nxe7+ {[%emt 0:01:53] B33: Sicilian: Pelikan and Sveshnikov Variations} Qxe7 15. Nc2 Bb7 16. Bf3 (16. Qd3 d5 17. exd5 Rad8 18. c4 bxc4 19. Qa3 Qc7 20. Rfd1 Bxd5 21. Qxa6 Ra8 {1-0 (72) Tukhaev,A (2527)-Carlsen,M (2835) St Petersburg 2018}) 16... Rab8 17. Nb4 a5 $146 ({Predecessor:} 17... g6 18. Qd3 f5 19. Rad1 Rbd8 20. Nd5 Qf7 {1-0 (35) Koller,J-Dorst,J (2139) Bad Zwesten 2001}) 18. Nd5 Bxd5 19. Qxd5 Rfd8 20. Rfd1 Qa7 21. a3 Qc5 22. Be2 Kf8 23. Qb3 d5 24. Rxd5 Rxd5 25. Qxd5 Qxd5 26. exd5 Ke7 27. Kf1 Kd6 28. Rd1 f5 29. f3 Be3 30. Bd3 f4 31. h3 g6 32. Ke2 Rb6 33. h4 Rb7 34. g4 Rb6 (34... b4 $142) 35. Be4 b4 36. cxb4 axb4 37. a4 b3 38. Rh1 Bd4 39. h5 Bxb2 40. hxg6 hxg6 41. Bxg6 Kxd5 {[%emt 0:01:38] [#]} 42. Bf7+ $1 Kc5 43. Rb1 Bd4 44. Rxb3 ({But not} 44. Bxb3 $6 Be3 $16) 44... Rf6 (44... Ra6 $16) 45. Rb5+ Kd6 46. Bd5 Rh6 47. Kd3 Rh1 48. Ke4 Bc5 49. Bb7 Rh8 50. a5 Rf8 51. a6 Bd4 52. Rb4 Ba7 53. Rb5 Bd4 54. Bd5 Rc8 55. g5 Ke7 56. a7 Bxa7 57. Rb7+ Kd6 58. Rxa7 {[%emt 0:00:06] Kxd5+} 1-0

[Event "Bhopal GM Open 2019"]
[Site "Bhopal"]
[Date "2019.12.26"]
[Round "8.18"]
[White "Rathneesh R"]
[Black "Tiwari Shivansh"]
[Result "1-0"]
[ECO "A15"]
[WhiteElo "2006"]
[BlackElo "1770"]
[Annotator "NA RC"]
[PlyCount "86"]
[EventDate "2019.12.21"]
[EventType "swiss"]
[EventCountry "IND"]
[SourceTitle "playchess.com"]
[Source "ChessBase"]
[SourceQuality "1"]
[TimeControl "5400+30"]

1. c4 Nf6 2. g3 e6 3. Bg2 d5 4. Nf3 c6 5. O-O Nbd7 6. b3 Bd6 7. Bb2 O-O 8. d4 a5 9. Nc3 Re8 10. Qc2 b6 11. e4 dxe4 12. Nxe4 Nxe4 13. Qxe4 Bb7 14. a4 Qc7 15. Rad1 Rad8 16. Qc2 e5 17. dxe5 Nxe5 18. Ng5 Ng6 $1 19. Ne4 Be5 20. Bxe5 Nxe5 21. Rxd8 Rxd8 22. Rd1 Rxd1+ 23. Qxd1 c5 24. Nc3 Bxg2 25. Kxg2 Qc6+ 26. Nd5 Nd7 27. f3 Qd6 28. Qd3 Nf6 29. Qf5 Nxd5 30. cxd5 Kf8 31. f4 g6 32. Qe5 Qxe5 33. fxe5 Ke7 34. Kf3 Kd7 35. Ke4 Ke7 36. g4 h6 37. Kd3 Kd7 38. Ke4 $2 ({White should try} 38. h4 $18 Kc8 39. Kc4) 38... Ke7 39. h4 f6 40. d6+ Ke6 41. exf6 Kxd6 42. g5 hxg5 43. hxg5 b5 1-0

[Event "Bhopal GM Open 2019"]
[Site "Bhopal"]
[Date "2019.12.26"]
[Round "8.19"]
[White "Love Jindal"]
[Black "Trivedi Karan R"]
[Result "1/2-1/2"]
[ECO "A65"]
[WhiteElo "1714"]
[BlackElo "1949"]
[Annotator "NA RC"]
[PlyCount "136"]
[EventDate "2019.12.21"]
[EventType "swiss"]
[EventCountry "IND"]
[SourceTitle "playchess.com"]
[Source "ChessBase"]
[SourceQuality "1"]
[TimeControl "5400+30"]

1. d4 Nf6 2. c4 e6 3. Nc3 c5 4. d5 exd5 5. cxd5 d6 6. e4 g6 7. Bd3 Bg7 8. Nge2 O-O 9. O-O Re8 10. Bg5 a6 11. a4 Nbd7 {[%emt 0:01:15] A65: Modern Benoni: 6 e4} 12. h3 Qc7 (12... Ne5 13. Bc2 Rb8 14. Rb1 h6 15. Bc1 b5 16. axb5 axb5 17. b4 {½-½ (60) Straka,Z (2547)-Papenin,N (2687) ICCF email 2013}) 13. Bc2 c4 14. Be3 $146 ({Predecessor:} 14. Ng3 h6 15. Be3 b6 16. Qd2 h5 17. f3 {1-0 (44) Kempen,L (1948)-Bes,R (1968) ICCF email 2013}) 14... Nc5 15. f3 Bd7 16. a5 Bb5 17. Bf2 Bd7 18. Qd2 Rab8 19. Na4 Bxa4 20. Bxa4 Nfd7 21. Bd4 Bxd4+ 22. Qxd4 Nb3 (22... b5 $11 23. axb6 Qxb6) 23. Bxb3 $1 cxb3 24. Rfc1 Nc5 25. Kh1 (25. Nf4 $16) 25... Qe7 26. Rc3 f5 27. Nc1 fxe4 28. Nxb3 Nxb3 29. Rxb3 exf3 30. Rxf3 Qe5 31. Qd2 Re7 32. Raf1 Rbe8 (32... Kg7 $11) 33. b3 ({White should try} 33. Qf2 $1 $14) 33... Kg7 34. Kg1 Rc8 35. Qf2 Rcc7 36. Rf8 Qxd5 37. Qf6+ (37. Rg8+ $11 Qxg8 38. Qf6+ {[%mdl 64] Double Attack} Kh6 39. Qh4+ Kg7 40. Qf6+ {[%mdl 64] Double Attack} Kh6 41. Qh4+ Kg7 42. Qf6+ {[%mdl 64] Double Attack}) 37... Kh6 38. Rf4 (38. Qh4+ $11 {remains equal.} Qh5 39. Qf4+ Qg5 40. Qxd6) 38... Re5 $2 (38... Qc5+ $17 {keeps the pressure on.} 39. Qd4 Qxd4+ 40. Rxd4 Rcd7) 39. Rh4+ Rh5 40. Rxh5+ Qxh5 41. Qxd6 Qc5+ 42. Qxc5 Rxc5 43. b4 Rc4 44. b5 axb5 45. Rf7 Ra4 46. Rxb7 Rxa5 47. Kh2 g5 48. Rb6+ Kg7 49. Rb7+ Kg6 50. Rb6+ Kf5 51. Rh6 b4 52. Rb6 Ra4 53. Rb5+ {[%emt 0:00:05] [#]} Kf4 $2 (53... Ke4 $1 $19 54. h4 gxh4) 54. Rb8 $2 (54. Rb7 h6 55. Rb6) 54... Ke4 55. Rb7 Kd3 56. Kg3 Kc3 57. Rc7+ Kd2 58. Rd7+ Kc2 59. Rc7+ Kb1 60. Kg4 {[%emt 0:01:11] [#]} b3+ $2 ({Black should try} 60... h6 $1 $19 61. Kh5 b3 62. Kxh6 g4) 61. Kxg5 Rb4 62. Rxh7 Kc1 63. Rf7 Kd1 ({Resist} 63... b2 64. Rf1+ Kc2 65. h4 $15) 64. Rf1+ Ke2 65. Rb1 Kf2 66. h4 Kg3 $11 67. h5 Rb5+ 68. Kg6 Rb6+ 1/2-1/2